 Dungeon Crawl Stone Soup version 0.31-a0-590-g8a5a4361df (webtiles) character file.

Game seed: 3657934964476426552

218 avis the Changeling (level 5, 0/23 HPs)
             Began as a Felid Shapeshifter on Aug 19, 2023.
             Splashed by a jelly's acid (8 damage)
             ... on level 4 of the Dungeon.
             The game lasted 00:15:46 (1772 turns).

avis the Changeling (Felid Shapeshifter)            Turns: 1772, Time: 00:15:46

Health: 0/23       AC: -3    Str: 11    XL:     5   Next: 63%
Magic:  6/6        EV: 19    Int:  9    God:
Gold:   204        SH:  0    Dex: 19    Spells: 4/4 levels left
                                        Lives:  0   Deaths: 1

rFire   . .          .
                       - Unarmed
rCold   . . .        (shield unavailable)
rNeg    . . .        (body armour unavailable)
rPois   .            (helmet unavailable)
rElec   .            (cloak unavailable)
rCorr   .            (gloves unavailable)
SInv    +            (boots unavailable)
Will    .....        (no amulet)
Stlth   ++           (no ring)
HPRegen 0.23/turn    (no ring)
MPRegen 0.10/turn

%: no passive effects
@: beast-form, corroded, quick
A: beast (slay +3), very small, claws 1, fangs 3, see invisible, speed 1, shaggy
fur 1, stealthy paws, no weapons or thrown items, no armour, multi-lived
a: Begin Untransformation


You were on level 4 of the Dungeon.
You were a hulking beast.
You visited 1 branch of the dungeon, and saw 4 of its levels.
You also visited: Sewer.

You collected 204 gold pieces.

Inventory:

Jewellery
 e - a ring of ice
Talismans
 b - a beast talisman (active)
 c - a flux talisman
Scrolls
 d - a scroll of blinking {unknown}
 f - a scroll of poison {unknown}
 h - 4 scrolls of teleportation {unknown}
 k - a scroll of enchant weapon {unknown}
 l - a scroll of fog {unknown}
 m - a scroll of identify {unknown}
Potions
 a - a potion of lignification
 g - a potion of cancellation {unknown}
 i - a potion of magic {unknown}
 j - a potion of resistance {unknown}


   Skills:
 + Level 2.7 Fighting
 + Level 4.3 Dodging
 + Level 4.0 Unarmed Combat
 * Level 4.7 Shapeshifting


You had 4 spell levels left.
You didn't know any spells.
Your spell library contained the following spells:

 Spells                   Type           Power      Damage    Failure   Level
 Apportation              Tloc           0%         N/A       38%         1
 Necrotise                Necr           0%         1d4       38%         1
 Summon Small Mammal      Summ           0%         N/A       38%         1
 Hailstorm                Conj/Ice       0%         3d3       77%         3
 Summon Ice Beast         Ice/Summ       0%         N/A       99%         4
 Simulacrum               Ice/Necr       0%         N/A       100%        6


Dungeon Overview and Level Annotations

Branches:
Dungeon (4/15)              Sewer (visited)
 Temple: D:4-7

Altars:
Makhleb

Annotations:
D:1 LRD for ferocious stuff to kill!
D:2 Sigmund, Terence
D:3 1 runed translucent door, exclusion: door, Crazy Yiuf


Innate Abilities, Weirdness & Mutations

You are a hulking beast.
Your limbs bulge with bestial killing power. (Slay +3)
You have sharp claws.
You have razor-sharp teeth.
You have supernaturally acute eyesight. (SInv)
You cover ground quickly. (Speed+)
You are covered in fur. (AC +1)
Your paws help you pounce on unaware monsters.
You are incapable of wielding weapons or throwing items.
You cannot wear armour.
You gain extra lives every three experience levels.


Message History

Your Unarmed Combat skill increases to level 4!
You barely miss the orc. The orc closely misses you.
You scratch the orc.
The orc is moderately wounded.
The orc misses you.
You scratch the orc.
The orc is severely wounded.
The orc misses you.
You claw the orc!
You kill the orc!
You scratch the orc.
The orc is almost dead.
You scratch the orc but do no damage. You bite the orc.
You kill the orc!
Items here: )))) [[[ †††.
An orc priest comes into view. It is wielding a +0 short sword.
The orc priest shouts!
You start resting.
An orc priest is nearby!
You scratch the orc priest.
The orc priest is moderately wounded.
The orc priest hits you with a +0 short sword.
You claw the orc priest! You bite the orc priest.
You kill the orc priest!
You see here a +0 short sword.
You start resting.
HP restored.
Found a stone staircase leading down.
A jelly comes into view.
The jelly quivers.
You scratch the jelly.
Your paws burn!
The jelly is moderately wounded.
The jelly hits you.
You are splashed with acid!
You scratch the jelly.
Your paws burn!
The jelly is heavily wounded.
The jelly closely misses you.
You barely miss the jelly.
The jelly is heavily wounded.
The jelly hits you. The acid corrodes you!
You are splashed with acid!
You die...

# #.# +. #.#
# #.. #.#.##
#..# #.#..
..
#..##.#.##.#
#..#......##
#.J........
#h# ########
#.# #......#
#.# #.####.#
#.# #.# #.#
#.# #.# #.#
#.########.#
#.#
#..........#
#.#
############
#.# #.#


You could see a jelly.

Vanquished Creatures
  Pargi (Sewer)
  An orc priest (D:4)
  An orc wizard (D:3)
  2 adders (D:3)
  3 gnolls (D:3)
  3 dart slugs (D:1)
  10 orcs
  4 ball pythons
  10 bats
  An endoplasm (D:1)
  5 giant cockroaches
  4 goblins (D:3)
  2 hobgoblins
  3 kobolds
  7 quokkas
  2 frilled lizards
  A rat (D:1)
60 creatures vanquished.

Notes
Turn   | Place    | Note
-------+----------+-------------------------------------------
     0 | D:1      | avis the Felid Shapeshifter began the quest for the Orb.
     0 | D:1      | Reached XP level 1. HP: 9/9 MP: 2/2
     0 | D:1      | Noticed a tentacled monstrosity
     1 | D:1      | Noticed a tentacled monstrosity
     1 | D:1      | Noticed a purple draconian
     3 | D:1      | Noticed an iron dragon
     3 | D:1      | Noticed an orb of fire
     6 | D:1      | Noticed a purple draconian
     7 | D:1      | Noticed an ice dragon
    11 | D:1      | Noticed a shadow dragon
    13 | D:1      | Noticed an orb of fire
    13 | D:1      | Noticed a tentacled monstrosity
    14 | D:1      | Noticed an ice dragon
    15 | D:1      | Noticed a large abomination
    15 | D:1      | Noticed a large abomination
    17 | D:1      | Noticed an ice dragon
    17 | D:1      | Noticed an iron dragon
    19 | D:1      | Noticed a large abomination
   137 | D:1      | Reached XP level 2. HP: 12/12 MP: 3/3
   676 | D:2      | Noticed Terence
   734 | D:2      | Noticed Sigmund
   763 | D:3      | Reached XP level 3. HP: 13/15 MP: 4/4
   824 | D:3      | Reached XP level 4. HP: 15/19 MP: 5/5
   875 | D:3      | Slain by a gnoll
   876 | D:3      | Reached XP level 3. HP: -2/16 MP: 4/4
   943 | D:3      | Reached XP level 4. HP: 19/19 MP: 5/5
   950 | D:3      | Found a burning altar of Makhleb.
  1051 | D:3      | Found a glowing drain.
  1091 | Sewer    | Entered a sewer
  1124 | Sewer    | Noticed Pargi
  1135 | Sewer    | Killed Pargi
  1136 | Sewer    | Reached XP level 5. HP: 7/23 MP: 6/6
  1531 | D:3      | Identified the +7 falchion "Hydrabane" {venom, rN++}
  1633 | D:3      | Found a runed translucent door.
  1634 | D:3      | Noticed Crazy Yiuf
  1772 | D:4      | Splashed by a jelly's acid

Illustrated notes

Levels and vault maps discovered:
D:1:      shiori_arrival_whats_in_store_for_you, layout_basic, serial_forest,
          infiniplex_forest_lined_3, infiniplex_forest_lined_room_2,
          infiniplex_forest_corner_2, infiniplex_forest_lined_room_,
          infiniplex_forest_clump_curved, infiniplex_forest_clump_C,
          infiniplex_forest_straight_2, infiniplex_forest_lined_room_2,
          infiniplex_forest_zigzag_1
D:2:      layout_rooms, basic_altar, hellmonk_ecumenical_altar_slurped_away,
          amethyst_killhole, uniq_terence, uniq_sigmund
D:3:      layout_loops_ring, bloody_makhleb, portal_sewer_entry_f,
          uniq_crazy_yiuf_cottage
D:4:      lemuel_castle_with_subvaults [lemuel_castle_interior_carwin_3],
          layout_basic, tgw_trog, st_stairs_14, uniq_ijyb

Skill      XL: |  1  2  3  4  5 |
---------------+----------------+-----
Dodging        | 3 4 |  4.3
Shapeshifting  | 4 |  4.7
Fighting       | 2 |  2.7
Unarmed Combat | 4 |  4.0

Action                     |  1- 3 |  4- 6 || total
---------------------------+-------+-------++-------
  Melee: Unarmed           |    87 |    90 ||   177
         Punch             |     2 |     4 ||     6
         Bite              |     7 |     6 ||    13
Ability: Begin Untransform |     1 |       ||     1
    Use: Potion            |       |     1 ||     1
   Stab: Sleeping          |     3 |       ||     3
 Armour: Skin              |     4 |     4 ||     8
  Dodge: Dodged            |    53 |    73 ||   126
   Form: Beast             |     1 |       ||     1

Table legend: (Time is in decaauts)
 A = Elapsed time spent in this place.
 B = Non-inter-level travel time spent in this place.
 C = Inter-level travel time spent in this place.
 D = Time resting spent in this place.
 E = Time spent auto-exploring this place.
 F = Levels seen in this place.
 G = Mean time per level.
                   A        B        C        D        E       F      G
               +--------+--------+--------+--------+--------+-----+--------+
         Total |   1504 |   1392 |    112 |    154 |    716 |   5 |  300.8 |
       Dungeon |   1388 |   1276 |    112 |    122 |    716 |   4 |  347.0 |
         Sewer |    115 |    115 |      0 |     32 |      0 |   1 |  115.0 |
               +--------+--------+--------+--------+--------+-----+--------+

Top non-repeatable levels by time:
     D:3: 719 daAuts
     D:1: 573 daAuts
   Sewer: 115 daAuts
     D:4: 64 daAuts
     D:2: 30 daAuts
